 Dungeon Crawl Stone Soup version 0.31.0-11-ge490571c62 (webtiles) character file.

Game seed: 5683780159582323019

33511 Ashen the Grappler (level 13, -9/131 HPs)
             Began as a Troll Shapeshifter on Jan 31, 2024.
             Was an Initiate of Uskayaw.
             Mangled by an eight-headed hydra (11 damage)
             ... on level 5 of the Lair of Beasts on Feb 1, 2024.
             The game lasted 00:35:58 (12664 turns).

Ashen the Grappler (Troll Shapeshifter)            Turns: 12664, Time: 00:35:58

Health: -9/131     AC:  2    Str: 25    XL:     13   Next: 37%
Magic:  14/17      EV: 18    Int:  6    God:    Uskayaw [......]
Gold:   804        SH:  0    Dex: 13    Spells: 12/12 levels left

rFire   . .          .
                       - Unarmed
rCold   . . .        (no shield)
rNeg    . . .        a - melded +0 animal skin
rPois   +            (helmet restricted)
rElec   .            (no cloak)
rCorr   .            (gloves unavailable)
SInv    .            (boots unavailable)
Will    .....        x - amulet of regeneration
Stlth   +            f - ring of poison resistance
HPRegen 2.01/turn    K - +5 ring of evasion
MPRegen 0.15/turn

%: no passive effects
@: maw-form
A: devouring maw, large, unfitting armour, claws 3, regeneration 1, shaggy fur
1, tough skin 1
a: Begin Untransformation, Renounce Religion


You were on level 5 of the Lair of Beasts.
You worshipped Uskayaw.
Uskayaw was noncommittal.
You were a creature with a mouth for a stomach.
You visited 3 branches of the dungeon, and saw 16 of its levels.
You also visited: Sewer.

You collected 939 gold pieces.
You spent 135 gold pieces at shops.

Inventory:

Missiles
 q - 4 throwing nets (quivered)
Armour
 a - a +0 animal skin (melded)
Jewellery
 f - a ring of poison resistance (left claw)
 i - a ring of see invisible
 x - an amulet of regeneration (around neck)
 z - a +6 ring of strength
 B - a ring of protection from fire
 K - a +5 ring of evasion (right claw)
 O - a ring of flight
 P - a ring of ice
Talismans
 c - a beast talisman
 d - a flux talisman
 L - a maw talisman (active)
Wands
 e - a wand of digging (7)
 p - a wand of acid (7)
 u - a wand of iceblast (11)
 y - a wand of mindburst (16)
 H - a wand of flame (9)
 N - a wand of charming (13)
Scrolls
 b - a scroll of enchant weapon {unknown}
 g - a scroll of immolation {unknown}
 h - a scroll of fear {unknown}
 j - 11 scrolls of teleportation {unknown}
 k - 5 scrolls of enchant armour {unknown}
 m - 7 scrolls of vulnerability {unknown}
 r - 5 scrolls of noise {unknown}
 s - 6 scrolls of poison {unknown}
 v - 3 scrolls of fog {unknown}
 D - 2 scrolls of silence {unknown}
 E - 3 scrolls of blinking {unknown}
 F - 2 scrolls of revelation {unknown}
 I - a scroll of amnesia {unknown}
 J - a scroll of torment {unknown}
 M - a scroll of summoning {unknown}
 R - a scroll of identify
Potions
 l - a potion of mutation {unknown}
 n - 2 potions of attraction
 o - 4 potions of brilliance
 t - 2 potions of curing
 w - 5 potions of enlightenment
 C - 3 potions of ambrosia
 G - 3 potions of heal wounds {unknown}
 Q - a potion of resistance {unknown}
 S - a potion of invisibility {unknown}
 T - a potion of magic {unknown}
Miscellaneous
 A - a lightning rod (4/4)


   Skills:
 + Level 9.4 Fighting
 + Level 9.5 Dodging
 + Level 11.5 Unarmed Combat
 + Level 7.0 Invocations
 + Level 10.7 Shapeshifting


You had 12 spell levels left.
You didn't know any spells.
Your spell library contained the following spells:

 Spells                   Type           Power      Damage    Failure   Level
 Magic Dart               Conj           0%         1d3       45%         1
 Blink                    Tloc           0%         N/A       58%         2
 Call Imp                 Summ           0%         N/A       58%         2
 Jinxbite                 Hex            0%         N/A       58%         2
 Tukima's Dance           Hex            0%         N/A       83%         3
 Dimensional Bullseye     Hex/Tloc       0%         N/A       99%         4
 Iskenderun's Mystic Bla  Conj/Tloc      0%         2d3       99%         4
 Yara's Violent Unravell  Hex/Alch       0%         3d3       100%        5
 Enfeeble                 Hex            0%         N/A       100%        7
 Chain Lightning          Conj/Air       0%         N/A       100%        9
 Fire Storm               Conj/Fire      0%         5d1       100%        9
 Shatter                  Erth           0%         3d5*      100%        9


Dungeon Overview and Level Annotations

Branches:
Dungeon (10/15)            Temple (1/1) D:7            Lair (5/5) D:9
  Swamp (0/4) Lair:3       Spider (0/4) Lair:2        Sewer (visited)
  Slime: Lair:4-5       Orc: D:9-12

Altars:
Ashenzari
Cheibriados
Dithmenos
Elyvilon
Fedhas
Gozag
Hepliaklqana
Kikubaaqudgha
Makhleb
Nemelex Xobeh
Okawaru
Qazlal
Ru
Sif Muna
Trog
Uskayaw
Vehumet
Wu Jian
Xom
Yredelemnul
Zin
The Shining One

Shops:
D:3 (   D:6 (   D:10 *

Annotations:
Lair:3 2 transporters


Innate Abilities, Weirdness & Mutations

You are a creature with a mouth for a stomach.
Your midsection houses a second, enormous mouth.
You are too large for most types of armour.
You have claws for hands.
Your natural rate of healing is unusually fast.
You are covered in fur. (AC +1)
You have tough skin. (AC +1)


Message History

Found a ring mail. 2 dream sheep come into view.
The dream sheep bleats!
The dream sheep shake their wool and sparkle.
You feel drowsy...
You fall asleep.
A dream sheep comes into view. x2; An eight-headed hydra comes into view.
The dream sheep bleats!
The eight-headed hydra roars!
You hear an angry hiss.
The dream sheep bleats!
A dream sheep comes into view.
The dream sheep bleats!
A dream sheep comes into view.
The dream sheep headbutts you!!
You wake up.
A black mamba comes into view.
The black mamba hisses angrily.
The dream sheep attacks as it pursues you!
The dream sheep headbutts you but does no damage.
The dream sheep ruffle their wool and motes of dream dust sparkle, to no effect.
The dream sheep shake their wool and sparkle.
You feel drowsy...
You fall asleep.
The dream sheep headbutts you!!
You wake up.
The dream sheep completely misses you. The eight-headed hydra bites you!
The eight-headed hydra bites you. The eight-headed hydra bites you! x2
* * * LOW HITPOINT WARNING * * *
The eight-headed hydra barely misses you.
The eight-headed hydra bites you.
* * * LOW HITPOINT WARNING * * *
The eight-headed hydra bites you.
* * * LOW HITPOINT WARNING * * *
The eight-headed hydra bites you.
* * * LOW HITPOINT WARNING * * *
You stomp with the beat, sending a shockwave through the revellers around you!
The dream sheep is moderately wounded. x2
The eight-headed hydra is moderately wounded.
You can no longer stomp with the beat.
The dream sheep closely misses you. The eight-headed hydra bites you!
* * * LOW HITPOINT WARNING * * *
The eight-headed hydra bites you!
* * * LOW HITPOINT WARNING * * *
The eight-headed hydra bites you!
You die...

#.. .#....... #..
#.......#
#...#.#.....#
###.##.P....##
#.#..........#
#..........##
#...<......P#
#......D..P##
#..P#.WYS...##
#.####YY.....#P#.
#..# #..YY.......
##.####........[..
#..###.....Y.P....
##...###......#...#
#P..###P...........
##...###...........
##.###P...........


You could see an eight-headed hydra, a black mamba and 6 dream sheep.

Vanquished Creatures
  Erolcha (D:9)
  4 boulder beetles
  3 hydras
  A two-headed ogre (D:10)
  A skyshark (Lair:4)
  2 spriggan druids (Lair:3)
  5 elephants
  A black mamba (D:9)
  13 cane toads
  3 komodo dragons (Lair:4)
  A queen bee (Lair:2)
  A troll (D:9)
  4 hornets
  23 blink frogs
  A polar bear (Lair:4)
  A culicivora (Lair:2)
  Sigmund (D:2)
  2 jumping spiders (Lair:2)
  25 yaks
  A shadow (D:10)
  11 basilisks
  6 wyverns
  3 redbacks (Lair:2)
  Menkaure (D:4)
  8 water moccasins
  An orc warrior (D:9)
  2 ice beasts
  A black bear (Lair:2)
  An ogre (D:4)
  13 wolves
  2 centaurs
  2 phantoms (D:7)
  2 brain worms (Sewer)
  3 kobold brigands
  10 bullfrogs
  A scorpion (D:7)
  9 wights
  35 killer bees
  An electric eel (D:10)
  2 howler monkeys (D:9)
  3 hounds
  A bombardier beetle (D:5)
  A jelly (D:6)
  7 orc priests
  2 gnoll boudas
  Ijyb (D:4)
  13 hell rats (Lair:4)
  5 iguanas
  12 orc wizards
  13 gnolls
  9 adders
  9 river rats
  A shadow imp (D:6)
  2 white imps
  2 dart slugs
  30 orcs
  6 ball pythons
  10 endoplasms
  4 giant cockroaches
  7 goblins
  11 hobgoblins
  12 jackals
  15 kobolds
  6 quokkas
  3 training dummies (D:6)
  5 bats
  2 frilled lizards (Sewer)
  9 rats
409 creatures vanquished.

Notes
Turn   | Place    | Note
-------+----------+-------------------------------------------
     0 | D:1      | Ashen the Troll Shapeshifter began the quest for the Orb.
     0 | D:1      | Reached XP level 1. HP: 18/18 MP: 0/0
    75 | D:1      | Reached skill level 1 in Fighting
    83 | D:1      | Reached XP level 2. HP: 24/27 MP: 1/1
   694 | D:1      | Reached XP level 3. HP: 33/33 MP: 2/2
   929 | D:2      | Noticed Sigmund
   939 | D:2      | Killed Sigmund
   940 | D:2      | Reached skill level 4 in Unarmed Combat
   940 | D:2      | Reached XP level 4. HP: 40/42 MP: 3/3
   940 | D:2      | Reached XP level 5. HP: 47/49 MP: 4/4
  1371 | D:3      | Found Yjiqox's Weapon Shop.
  1381 | D:3      | Reached XP level 6. HP: 58/59 MP: 5/5
  1396 | D:3      | Found a faded altar of an unknown god.
  1980 | D:4      | Noticed Ijyb
  2018 | D:4      | Killed Ijyb
  2060 | D:4      | Noticed Menkaure
  2073 | D:4      | Killed Menkaure
  2074 | D:4      | Reached XP level 7. HP: 32/67 MP: 6/6
  2492 | D:4      | Reached skill level 5 in Unarmed Combat
  2736 | D:5      | Entered Level 5 of the Dungeon
  2856 | D:5      | Noticed a yak
  2858 | D:5      | Noticed a yak
  2858 | D:5      | Noticed a yak
  2871 | D:4      | Reached skill level 5 in Shapeshifting
  2874 | D:4      | Killed a yak
  2899 | D:4      | Killed a yak
  2900 | D:4      | Reached XP level 8. HP: 78/78 MP: 7/7
  3288 | D:5      | Identified the +0 whip of Mayhem {heavy, Str-2 Int+4
                  | Stlth+}
  3625 | D:6      | Found a glowing drain.
  3629 | Sewer    | Entered a sewer
  3675 | Sewer    | Reached skill level 6 in Unarmed Combat
  4415 | D:6      | Reached skill level 5 in Dodging
  4420 | D:6      | Reached XP level 9. HP: 7/84 MP: 8/8
  4718 | D:6      | Found Gisokow's Firing Range.
  5293 | D:7      | Reached skill level 5 in Fighting
  5594 | D:7      | Found a staircase to the Ecumenical Temple.
  5605 | Temple   | Found a transporter.
  5605 | Temple   | Found a transporter.
  5605 | Temple   | Found a transporter.
  5605 | Temple   | Found a transporter.
  5605 | Temple   | Entered the Ecumenical Temple
  5623 | Temple   | Became a worshipper of Uskayaw the Reveller
  5715 | D:7      | Found a shadowy altar of Dithmenos.
  5721 | D:7      | Reached skill level 7 in Unarmed Combat
  5760 | D:7      | Reached * piety under Uskayaw
  5761 | D:7      | Reached ** piety under Uskayaw
  5802 | D:7      | Reached *** piety under Uskayaw
  6127 | D:8      | Reached **** piety under Uskayaw
  6130 | D:8      | Reached ***** piety under Uskayaw
  6704 | D:8      | Reached XP level 10. HP: 83/95 MP: 9/9
  6849 | D:8      | Reached skill level 8 in Unarmed Combat
  7135 | D:9      | Found a staircase to the Lair.
  7308 | D:9      | Noticed Erolcha
  7328 | D:9      | Killed Erolcha
  7329 | D:9      | Reached skill level 1 in Invocations
  7704 | D:10     | Entered Level 10 of the Dungeon
  7843 | D:10     | Noticed a two-headed ogre
  7863 | D:10     | Killed a two-headed ogre
  7864 | D:10     | Reached skill level 9 in Unarmed Combat
  7864 | D:10     | Reached XP level 11. HP: 96/109 MP: 11/11
  7923 | D:10     | Found Seefaq's Specific Store.
  7924 | D:10     | Found Fagrag's General Store.
  7930 | D:10     | Bought a potion of might for 60 gold pieces
  7930 | D:10     | Bought a potion of attraction for 45 gold pieces
  7934 | D:10     | Bought a scroll of identify for 30 gold pieces
  8065 | D:10     | Found a radiant altar of Vehumet.
  8068 | D:10     | Found an ornate altar of the Wu Jian Council.
  8071 | D:10     | Found a shimmering altar of Xom.
  8074 | D:10     | Found a bloodstained altar of Trog.
  8863 | Lair:1   | Entered Level 1 of the Lair of Beasts
  9854 | Lair:2   | Found a hole to the Spider Nest.
  9905 | Lair:2   | Reached ****** piety under Uskayaw
  9906 | Lair:2   | Reached skill level 10 in Unarmed Combat
  9987 | Lair:2   | Reached XP level 12. HP: 112/119 MP: 14/14
 10074 | Lair:2   | Reached skill level 5 in Invocations
 10755 | Lair:3   | Noticed a boulder beetle
 10772 | Lair:3   | Noticed a seven-headed hydra
 10790 | Lair:3   | Killed an 11-headed hydra
 10845 | Lair:3   | Killed a boulder beetle
 10932 | Lair:3   | Found a transporter.
 10932 | Lair:3   | Noticed a boulder beetle
 10933 | Lair:3   | Found a transporter.
 10933 | Lair:3   | Noticed a boulder beetle
 10937 | Lair:3   | Noticed an eight-headed hydra
 10946 | Lair:3   | Killed a 13-headed hydra
 10947 | Lair:3   | Reached skill level 10 in Shapeshifting
 11118 | Lair:3   | Noticed a boulder beetle
 11128 | Lair:3   | Noticed a five-headed hydra
 11157 | Lair:3   | Killed a boulder beetle
 11370 | Lair:3   | Paralysed by a hornet for 3 turns
 11469 | Lair:3   | Found a staircase to the Swamp.
 11478 | Lair:3   | Reached skill level 11 in Unarmed Combat
 11832 | Lair:4   | Noticed a six-headed hydra
 11838 | Lair:4   | Noticed a boulder beetle
 11894 | Lair:4   | Reached XP level 13. HP: 119/121 MP: 16/16
 12590 | Lair:5   | Entered Level 5 of the Lair of Beasts
 12664 | Lair:5   | HP: 2/131 [eight-headed hydra (12)]
 12664 | Lair:5   | Mangled by an eight-headed hydra

Illustrated notes

Levels and vault maps discovered:
D:1:      dpeg_arrival_refuge, layout_basic, hangedman_decor_opposing,
          minmay_pentomino_p4
D:2:      layout_rooms, uniq_sigmund
D:3:      layout_basic, basic_ecumenical_altar, serial_shops,
          nicolae_shop_bloodbath_and_beyond, minmay_large_rounded_square
D:4:      nicolae_cairo_tiling, layout_gridville, uniq_menkaure, uniq_ijyb
D:5:      layout_cave_pods, kennysheep_generic_room_6
D:6:      layout_basic, serial_rivers, chequers_serial_rivers_large_b,
          chequers_serial_rivers_micro_e, chequers_serial_rivers_small_a,
          chequers_serial_rivers_large_a, chequers_serial_rivers_micro_c,
          gup_sewer_entry_spiral, nicolae_shop_firing_range
D:7:      layout_loops_ring, lemuel_crystal_altar, temple_doors_e
D:8:      layout_basic
D:9:      layout_cave_pools, lair_entry_dummy, chequers_serial_rivers_micro_e,
          hangedman_decor_riveting, uniq_erolcha
D:10:     layout_stronghold, grunt_temple_overflow_cloverleaf,
          nicolae_hexahallways, minivault_11, minmay_misc_feat_iff,
          nicolae_specific_store, nicolae_water_bricks, hive_lemuel
Temple:   hellmonk_temple_divided_pantheon
Lair:1:   layout_hall_layers, grunt_megastairs_4, serial_bayou_shore_b
Lair:2:   regret_index_tunnel_blossom, layout_regular_city,
          nicolae_spider_entry_tight_spaces, infiniplex_staircase_pool_2
Lair:3:   gammafunk_boulding_lane, layout_chaotic_city,
          mainiacjoe_swamp_entry_angry_trees, wad_woods_road_05
Lair:4:   layout_loops_ring, kennysheep_basilisk_garden,
          infiniplex_staircase_pool
Lair:5:   minmay_lair_end_frog_pond, layout_gridlike, slime_entry_1,
          pdpol_lair_cabin_in_the_woods, uniq_josephine

Skill      XL: |  1  2  3  4  5  6  7  8  9 10 11 12 13 |
---------------+----------------------------------------+-----
Fighting       | 1 2 3 4 6 7 8 9 |  9.4
Dodging        | 2 3 4 5 6 7 8 9 |  9.5
Unarmed Combat | 4 5 6 7 9 10 11 | 11.5
Shapeshifting  | 4 5 6 7 8 9 10 | 10.7
Invocations    | 2 4 6 7 |  7.0

Action                     |  1- 3 |  4- 6 |  7- 9 | 10-12 | 13-15 || total
---------------------------+-------+-------+-------+-------+-------++-------
  Melee: Unarmed           |    81 |    98 |   308 |   580 |    88 ||  1155
         Punch             |     3 |     4 |    13 |    16 |     9 ||    45
         Maw               |       |       |       |    87 |    33 ||   120
 Invoke: Stomp             |       |       |       |     2 |     1 ||     3
  Evoke: Wand              |       |       |     4 |     9 |     1 ||    14
         Lightning rod     |       |       |       |     1 |       ||     1
    Use: Potion            |       |       |       |    11 |       ||    11
         Scroll            |       |       |       |     5 |       ||     5
   Stab: Sleeping          |       |     1 |       |       |       ||     1
         Paralysed         |       |       |     4 |    41 |    10 ||    55
 Armour: Animal skin       |    45 |    48 |   178 |    97 |       ||   368
         Skin              |       |       |       |   285 |    64 ||   349
  Dodge: Dodged            |    61 |    53 |   140 |   513 |    48 ||   815
   Form: Maw               |       |       |       |     1 |       ||     1
         Flux              |       |       |       |     1 |       ||     1
